EL
MIDLAND ROCKHOUNDS @ ARKANSAS TRAVELERS
07/31/2046
 
TOP OF THE 1ST
Midland RockHounds batting - Pitching for Arkansas Travelers : RHP Jason Smallwood
Pitching: RHP Jason Smallwood
Batting: LHB Zachary DeLuca 0-0: Ball
1-0: Called Strike
1-1: Swinging Strike
1-2: Ball
2-2: SINGLE (Flyball, 7S, EV 95.6 MPH)
Batting: LHB John Shults 0-0: Ball
1-0: Ball
2-0: Ball
3-0: Base on Balls
Zachary DeLuca to second
Batting: RHB Dave Glenn 0-0: Called Strike
0-1: Called Strike
0-2: Ball
1-2: Ground out 5-3 (Groundball, 56S, EV 63.8 MPH)
Zachary DeLuca to third
John Shults to second
Batting: RHB Luis Restrepo 0-0: Ball
1-0: Called Strike
1-1: Swinging Strike
1-2: Strikes out swinging
Batting: LHB Billy Schultz 0-0: Foul Ball, location: 2F
0-1: Swinging Strike
0-2: Ball
1-2: Strikes out swinging
Top of the 1st over - 0 runs, 1 hit, 0 errors, 2 left on base; Midland 0 - Arkansas 0
BOTTOM OF THE 1ST
Arkansas Travelers batting - Pitching for Midland RockHounds : RHP Javy Rodriquez
Pitching: RHP Javy Rodriquez
Batting: LHB Justin Alexander 0-0: Called Strike
0-1: Ball
1-1: Foul Ball, location: 2F
1-2: Ball
2-2: Strikes out swinging
Batting: RHB Luis Romero 0-0: Called Strike
0-1: Foul Ball, location: 2F
0-2: Ball
1-2: Ball
2-2: Ball
3-2: Ground out 6-3 (Groundball, 6, EV 87.5 MPH)
Batting: RHB Mike Alm 0-0: Foul Ball, location: 2F
0-1: Ball
1-1: Called Strike
1-2: Foul Ball, location: 2F
1-2: Ground out 5-3 (Groundball, 56, EV 95.0 MPH)
Bottom of the 1st over - 0 runs, 0 hits, 0 errors, 0 left on base; Midland 0 - Arkansas 0
TOP OF THE 2ND
Midland RockHounds batting - Pitching for Arkansas Travelers : RHP Jason Smallwood
Batting: RHB Danny Heikkila 0-0: Ground out 4-3 (Groundball, 4, EV 89.4 MPH)
Batting: RHB Carlos Ballesteros 0-0: Ball
1-0: Called Strike
1-1: Ball
2-1: Ball
3-1: Ground out 6-3 (Groundball, 56, EV 83.1 MPH)
Batting: RHB Armando Estrada 0-0: Called Strike
0-1: Ball
1-1: Ball
2-1: Ground out 6-3 (Groundball, 6, EV 101.9 MPH)
Top of the 2nd over - 0 runs, 0 hits, 0 errors, 0 left on base; Midland 0 - Arkansas 0
BOTTOM OF THE 2ND
Arkansas Travelers batting - Pitching for Midland RockHounds : RHP Javy Rodriquez
Batting: RHB Gary Horgan 0-0: Ball
1-0: Foul Ball, location: 2F
1-1: Foul Ball, location: 2F
1-2: TRIPLE (Groundball, 3L, EV 97.5 MPH)
Batting: RHB Eric Davis 0-0: Called Strike
0-1: Ground out 5-3 (Groundball, 56, EV 82.5 MPH)
Gary Horgan scores
Batting: LHB Barrfhionn O'Toole 0-0: Fly out, F6 (Line Drive, 6MD, EV 71.2 MPH)
Now at SS: Eduardo Chavez
Batting: RHB Danny Bjarnson 0-0: Called Strike
0-1: Foul Ball, location: 2F
0-2: Ball
1-2: Fly out, F8 (Flyball, 8RS, EV 96.9 MPH)
Bottom of the 2nd over - 1 run, 1 hit, 0 errors, 0 left on base; Midland 0 - Arkansas 1
TOP OF THE 3RD
Midland RockHounds batting - Pitching for Arkansas Travelers : RHP Jason Smallwood
Batting: RHB Dunlang Clark 0-0: Ball
1-0: Foul Ball, location: 2F
1-1: Fly out, F8 (Flyball, 8LD, EV 102.5 MPH)
Batting: LHB Zachary DeLuca 0-0: Swinging Strike
0-1: Called Strike
0-2: Ball
1-2: Strikes out looking
Batting: LHB John Shults 0-0: Ball
1-0: Ball
2-0: Ball
3-0: Called Strike
3-1: Ground out 6-3 (Groundball, 6, EV 104.4 MPH)
Top of the 3rd over - 0 runs, 0 hits, 0 errors, 0 left on base; Midland 0 - Arkansas 1
BOTTOM OF THE 3RD
Arkansas Travelers batting - Pitching for Midland RockHounds : RHP Javy Rodriquez
Batting: RHB Ryan Pelletier 0-0: Swinging Strike
0-1: Foul Ball, location: 2F
0-2: DOUBLE (Line Drive, 9LS, EV 90.0 MPH)
Batting: RHB Reginald McDougall 0-0: Fly out, F8 (Line Drive, 8RD, EV 104.4 MPH)
Runner from 2nd tags up, SAFE at 3rd with throw by CF
Batting: LHB Justin Alexander 0-0: Called Strike
0-1: Ball
1-1: Fly out, F6 (Popup, 6M, EV 61.2 MPH)
Batting: RHB Luis Romero 0-0: Ground out 4-3 (Groundball, 4, EV 90.0 MPH)
Bottom of the 3rd over - 0 runs, 1 hit, 0 errors, 1 left on base; Midland 0 - Arkansas 1
TOP OF THE 4TH
Midland RockHounds batting - Pitching for Arkansas Travelers : RHP Jason Smallwood
Batting: RHB Dave Glenn 0-0: Called Strike
0-1: Ground out 4-3 (Groundball, 34, EV 85.0 MPH)
Batting: RHB Luis Restrepo 0-0: Foul Ball, location: 2F
0-1: SINGLE (Line Drive, 4MD, EV 98.8 MPH)
Batting: LHB Billy Schultz 0-0: Called Strike
0-1: Swinging Strike
0-2: Foul Ball, location: 2F
0-2: Foul Ball, location: 2F
0-2: Fielders Choice at 2nd, 1-4 (Groundball, 15S, EV 72.5 MPH)
Batting: RHB Danny Heikkila 0-0: Called Strike
0-1: Ground out 5-3 (Groundball, 56S, EV 86.9 MPH)
Top of the 4th over - 0 runs, 1 hit, 0 errors, 1 left on base; Midland 0 - Arkansas 1
BOTTOM OF THE 4TH
Arkansas Travelers batting - Pitching for Midland RockHounds : RHP Javy Rodriquez
Batting: RHB Mike Alm 0-0: Ball
1-0: Ball
2-0: Foul Ball, location: 2F
2-1: Ball
3-1: Base on Balls
Batting: RHB Gary Horgan 0-0: Called Strike
0-1: Swinging Strike
0-2: Ball
1-2: SINGLE (Groundball, 6MD, EV 96.9 MPH)
Mike Alm to second
Runner from 2nd tries for 3rd, SAFE, throw by CF made to third
Batting: RHB Eric Davis 0-0: Ball
Gary Horgan steals 2nd base (no throw)
1-0: Ground out 5-3 (Groundball, 56, EV 90.6 MPH)
Mike Alm scores
Batting: LHB Barrfhionn O'Toole 0-0: Ball
1-0: Foul Ball, location: 2F
1-1: Ball
2-1: Foul Ball, location: 2F
2-2: Foul Ball, location: 2F
2-2: Ground out 1-3 (Groundball, 13, EV 65.0 MPH)
Gary Horgan to third
Batting: RHB Danny Bjarnson 0-0: Ground out U3 (Groundball, 34S, EV 86.9 MPH)
Bottom of the 4th over - 1 run, 1 hit, 0 errors, 1 left on base; Midland 0 - Arkansas 2
TOP OF THE 5TH
Midland RockHounds batting - Pitching for Arkansas Travelers : RHP Jason Smallwood
Batting: RHB Eduardo Chavez 0-0: Called Strike
0-1: Ball
1-1: SINGLE (Groundball, 56S, EV 73.8 MPH) (infield hit)
Batting: RHB Armando Estrada 0-0: Foul Ball, location: 2F
0-1: Swinging Strike
0-2: Strikes out swinging
Batting: RHB Dunlang Clark 0-0: Swinging Strike
0-1: Ball
1-1: Foul Ball, location: 2F
1-2: Strikes out swinging
Batting: LHB Zachary DeLuca 0-0: Ball
1-0: Called Strike
1-1: Foul Ball, location: 2F
1-2: Strikes out swinging
Top of the 5th over - 0 runs, 1 hit, 0 errors, 1 left on base; Midland 0 - Arkansas 2
BOTTOM OF THE 5TH
Arkansas Travelers batting - Pitching for Midland RockHounds : RHP Javy Rodriquez
Batting: RHB Ryan Pelletier 0-0: Ground out 4-3 (Groundball, 34, EV 78.1 MPH)
Batting: RHB Reginald McDougall 0-0: Ball
1-0: Called Strike
1-1: Ball
2-1: Foul Ball, location: 2F
2-2: Ball
3-2: Foul Ball, location: 2F
3-2: Ground out 1-3 (Groundball, 34S, EV 68.1 MPH)
Batting: LHB Justin Alexander 0-0: Ball
1-0: SINGLE (Groundball, 4S, EV 75.6 MPH) (infield hit)
Batting: RHB Luis Romero 0-0: Called Strike
Justin Alexander is caught stealing 2nd base 2-4
Bottom of the 5th over - 0 runs, 1 hit, 0 errors, 0 left on base; Midland 0 - Arkansas 2
TOP OF THE 6TH
Midland RockHounds batting - Pitching for Arkansas Travelers : RHP Jason Smallwood
Batting: LHB John Shults 0-0: Called Strike
0-1: Ball
1-1: Called Strike
1-2: Strikes out looking
Batting: RHB Dave Glenn 0-0: Called Strike
0-1: SINGLE (Groundball, 34D, EV 101.2 MPH)
Batting: RHB Luis Restrepo 0-0: Ball
1-0: Ball
2-0: Called Strike
2-1: Swinging Strike
2-2: Strikes out looking
Batting: LHB Billy Schultz 0-0: SINGLE (Line Drive, 89S, EV 90.0 MPH)
Dave Glenn to second
Runner from 2nd tries for 3rd, OUT! 9-5
Top of the 6th over - 0 runs, 2 hits, 0 errors, 1 left on base; Midland 0 - Arkansas 2
BOTTOM OF THE 6TH
Arkansas Travelers batting - Pitching for Midland RockHounds : RHP Javy Rodriquez
Batting: RHB Luis Romero 0-0: Called Strike
0-1: Ball
1-1: Fly out, F8 (Flyball, 8LXD, EV 98.1 MPH)
Batting: RHB Mike Alm 0-0: Ball
1-0: Ball
2-0: Ball
3-0: Base on Balls
Batting: RHB Gary Horgan 0-0: Grounds into double play, 4-6-3 (Groundball, 4, EV 85.6 MPH)
Bottom of the 6th over - 0 runs, 0 hits, 0 errors, 0 left on base; Midland 0 - Arkansas 2
TOP OF THE 7TH
Midland RockHounds batting - Pitching for Arkansas Travelers : RHP Jason Smallwood
Batting: RHB Danny Heikkila 0-0: Ball
1-0: Fly out, F7 (Flyball, 78S, EV 93.1 MPH)
Batting: RHB Eduardo Chavez 0-0: Ball
1-0: Foul Ball, location: 2F
1-1: Foul Ball, location: 2F
1-2: Ball
2-2: Ball
3-2: Foul Ball, location: 2F
3-2: Ground out U3 (Groundball, 34, EV 81.9 MPH)
Batting: RHB Armando Estrada 0-0: Called Strike
0-1: SINGLE (Line Drive, 78S, EV 87.5 MPH)
Batting: RHB Dunlang Clark 0-0: Ball
1-0: Ball
2-0: Swinging Strike
2-1: Fly out, F9 (Flyball, 9S, EV 81.9 MPH)
Top of the 7th over - 0 runs, 1 hit, 0 errors, 1 left on base; Midland 0 - Arkansas 2
BOTTOM OF THE 7TH
Arkansas Travelers batting - Pitching for Midland RockHounds : RHP Javy Rodriquez
Batting: RHB Eric Davis 0-0: Called Strike
0-1: Ball
1-1: Ground out 6-3 (Groundball, 6MS, EV 78.1 MPH)
Batting: LHB Barrfhionn O'Toole 0-0: Ball
1-0: Foul Ball, location: 2F
1-1: Ball
2-1: Ball
3-1: Foul Ball, location: 2F
3-2: Hit by Pitch
Batting: RHB Danny Bjarnson 0-0: Ball
1-0: Called Strike
Barrfhionn O'Toole is caught stealing 2nd base 2-4
1-1: Swinging Strike
1-2: Ground out 6-3 (Groundball, P, EV 88.1 MPH)
Bottom of the 7th over - 0 runs, 0 hits, 0 errors, 0 left on base; Midland 0 - Arkansas 2
TOP OF THE 8TH
Midland RockHounds batting - Pitching for Arkansas Travelers : RHP Jason Smallwood
Pitching: RHP Jon Griffin
Batting: LHB Zachary DeLuca 0-0: Called Strike
0-1: Foul Ball, location: 2F
0-2: Foul Ball, location: 2F
0-2: Fly out, F2 (Popup, 2LF, EV 86.9 MPH)
Batting: LHB John Shults 0-0: SOLO HOME RUN (Flyball, 9D, EV 97.5 MPH), Distance : 386 ft
Batting: RHB Dave Glenn 0-0: Called Strike
0-1: Called Strike
0-2: Foul Ball, location: 2F
0-2: Strikes out looking
Batting: RHB Luis Restrepo 0-0: SINGLE (Line Drive, 78S, EV 105.0 MPH)
Batting: LHB Billy Schultz 0-0: Called Strike
0-1: Ball
1-1: Ball
2-1: Swinging Strike
2-2: Fly out, F9 (Flyball, 9LM, EV 88.8 MPH)
Top of the 8th over - 1 run, 2 hits, 0 errors, 1 left on base; Midland 1 - Arkansas 2
BOTTOM OF THE 8TH
Arkansas Travelers batting - Pitching for Midland RockHounds : RHP Javy Rodriquez
Batting: RHB Ryan Pelletier 0-0: Ball
1-0: Swinging Strike
1-1: Swinging Strike
1-2: Ball
2-2: Ball
3-2: Strikes out swinging, 2-3 out at first.
Batting: RHB Reginald McDougall 0-0: Ball
1-0: DOUBLE (Line Drive, 8LXD, EV 105.0 MPH)
Batting: LHB Justin Alexander 0-0: Called Strike
0-1: Ball
1-1: Ball
2-1: Swinging Strike
2-2: Ball
3-2: SINGLE (Groundball, 34S, EV 69.4 MPH) (infield hit)
Reginald McDougall to third
Batting: RHB Luis Romero 0-0: Ball
Justin Alexander is caught stealing 2nd base 2-4
1-0: TRIPLE (Line Drive, 8RXD, EV 102.5 MPH)
Reginald McDougall scores
Pitching: LHP Bobby Dahlgren
Batting: RHB Mike Alm 0-0: Ball
1-0: Ball
Wild Pitch!
Luis Romero scores
2-0: Called Strike
2-1: Ground out 1-3 (Groundball, 34S, EV 65.6 MPH)
Bottom of the 8th over - 2 runs, 3 hits, 0 errors, 0 left on base; Midland 1 - Arkansas 4
TOP OF THE 9TH
Midland RockHounds batting - Pitching for Arkansas Travelers : RHP Jon Griffin
Pitching: RHP Cal Abbott
Batting: RHB Danny Heikkila 0-0: TRIPLE (Flyball, 7D, EV 88.1 MPH)
Batting: RHB Eduardo Chavez 0-0: Foul Ball, location: 2F
0-1: Swinging Strike
0-2: Ball
1-2: Foul Ball, location: 2F
1-2: Ball
2-2: Strikes out swinging
Batting: RHB Armando Estrada 0-0: Foul Ball, location: 2F
0-1: Ball
1-1: Ball
2-1: Swinging Strike
2-2: Ball
3-2: Ground out 5-3 (Groundball, 5, EV 105.6 MPH)
Batting: RHB Dunlang Clark 0-0: Ball
1-0: Called Strike
1-1: Ball
2-1: Swinging Strike
2-2: Ball
3-2: Strikes out looking
Top of the 9th over - 0 runs, 1 hit, 0 errors, 1 left on base; Midland 1 - Arkansas 4
Tuesday, September 13th , 2022 - OOTP Baseball 23.7 Build 88